 Dungeon Crawl Stone Soup version 0.24.1-4-ge52af88ad5 (webtiles) character file.

Game seed: 2287931720751424818, levelgen mode: deterministic

40 Goreval the Firebug (level 3, -2/19 HPs)
             Began as a Deep Elf Fire Elementalist on Apr 17, 2020.
             Slain by a worm (8 damage)
             ... on level 2 of the Dungeon.
             The game lasted 00:01:57 (1037 turns).

Goreval the Firebug (Deep Elf Fire Elementalist)    Turns: 1037, Time: 00:01:57

Health: -2/19      AC:  2    Str:  5    XL:     3   Next: 30%
Magic:  2/9        EV: 13    Int: 20    God:
Gold:   46         SH:  0    Dex: 15    Spells: 7/8 levels left

rFire    . . .     SeeInvis .   e - +2 short sword (elec)
rCold    . . .     Gourm    .   (no shield)
rNeg     . . .     Faith    .   a - +0 robe
rPois    .         Spirit   .   (no helmet)
rElec    .         Reflect  .   (no cloak)
rCorr    .         Harm     .   (no gloves)
MR       .....                  (no boots)
Stlth    ++........             (no amulet)
HPRegen  0.06/turn              (no ring)
MPRegen  0.11/turn              (no ring)

@: lethally poisoned (-2 -> -9), very slightly contaminated
A: no striking features
a: no special abilities


You were on level 2 of the Dungeon.
You were not hungry.

You visited 1 branch of the dungeon, and saw 2 of its levels.

You collected 46 gold pieces.

Inventory:

Hand Weapons
 e - a +2 short sword of electrocution (weapon)
 h - a +1 dagger of protection
Missiles
 f - 65 stones (quivered) {don't use}
Armour
 a - a +0 robe (worn)
 m - a +0 helmet
Scrolls
 b - a scroll of remove curse {unknown}
 d - 3 scrolls of blinking {unknown}
 i - a scroll of teleportation {unknown}
 j - 2 scrolls of identify {unknown}
 l - a scroll of enchant weapon {unknown}
 n - a scroll of enchant armour {unknown}
 o - 2 scrolls of amnesia {unknown}
Potions
 k - 3 potions of curing {unknown}
 p - a potion of haste {unknown}
 q - a potion of resistance {unknown}
 r - a potion of agility {unknown}
Comestibles
 c - 3 rations
 g - a chunk of flesh


   Skills:
 + Level 2.8 Dodging
 - Level 2.4 Stealth
 + Level 3.4 Spellcasting
 * Level 2.1 Conjurations
 * Level 3.9 Fire Magic


You had 7 spell levels left.
You knew the following spells:

 Your Spells              Type           Power        Failure   Level  Hunger
a - Flame Tongue          Conj/Fire      ###..        3%          1    None

Your spell library contained the following spells:

 Spells                   Type           Power        Failure   Level  Hunger
 Throw Flame              Conj/Fire      ###...       6%          2    ##.....
 Conjure Flame            Conj/Fire      ###.....     12%         3    ###....
 Inner Flame              Hex/Fire       ##......     19%         3    ###....
 Sticky Flame             Conj/Fire      ###.....     36%         4    ####...
 Fireball                 Conj/Fire      ###.......   71%         5    ######.


Dungeon Overview and Level Annotations

Branches:
Dungeon (2/15)

Altars:


Message History

Aim: an adder (almost dead)
The flame tongue misses the adder.
The adder bites you.
You are more poisoned.
The adder poisons you! The adder bites you but does no damage.
Aim: an adder (almost dead)
The flame tongue hits the adder.
You kill the adder!
You feel sick. The adder bites you. The adder closely misses you.
Unknown command.
You feel sick.
There is a stone staircase leading up here.
Okay, then.
Aim: a worm
Okay, then.
Aim: an adder The flame tongue misses the adder.
The adder misses you.
Aim: an adder The flame tongue hits the adder.
You feel sick. The adder barely misses you.
The adder bites you but does no damage. The worm bites you!
You die...

.# # ..# ##.
#.. ..####..
### ......
.... #...
.....
##..##......
#.w@S†......
#!..##.......
......#
#......
.#.### .....(
.. #.... #
..(. ... ..


You could see a worm and an adder.

Vanquished Creatures
  An adder (D:2)
  A dart slug (D:1)
  A leopard gecko (D:1)
  2 bats (D:1)
  3 giant cockroaches (D:1)
  4 goblins (D:1)
  4 hobgoblins (D:1)
  4 jackals (D:1)
  A frilled lizard (D:1)
  2 kobolds (D:1)
  3 rats (D:1)
26 creatures vanquished.

Notes
Turn   | Place    | Note
-------+----------+-------------------------------------------
     0 | D:1      | Goreval the Deep Elf Fire Elementalist began the quest for
                  | the Orb.
     0 | D:1      | Reached XP level 1. HP: 10/10 MP: 6/6
   158 | D:1      | Reached XP level 2. HP: 15/15 MP: 1/8
   720 | D:1      | Reached XP level 3. HP: 19/19 MP: 6/9
  1037 | D:2      | Slain by a worm

Levels and vault maps discovered:
D:1:      dpeg_arrival_simpleton_b, layout_rooms, hangedman_decor_push,
          grunt_decor_cap, minmay_tree_intersection,
          hangedman_abyss_or_decor_stabs
D:2:      layout_rooms, marbit_many_paths, chequers_ecumenical_altar_twisty,
          uniq_terence

Skill      XL: |  1  2 |
---------------+-------+-----
Conjurations   | 2 |  2.1
Dodging        | |  2.8
Stealth        | |  2.4
Spellcasting   | |  3.4
Fire Magic     | |  3.9

Action                   || total
-------------------------++-------
Melee: Short sword       ||     1
 Cast: Flame Tongue      ||    54
Armor: Robe              ||     4
Dodge: Dodged            ||    18
